 Dungeon Crawl Stone Soup version 0.29.1-15-g9cfb28693d (webtiles) character file.

Game seed: 16040866156077703925

72 drjones the Slasher (level 4, -1/39 HPs)
             Began as a Minotaur Fighter on Apr 8, 2023.
             Blown up by Ijyb (18 damage)
             ... with a mindburst bolt
             ... on level 3 of the Dungeon.
             The game lasted 00:04:50 (2023 turns).

drjones the Slasher (Minotaur Fighter)              Turns: 2023, Time: 00:04:50

Health: -1/39      AC: 13    Str: 20    XL:     4   Next: 7%
Magic:  3/3        EV:  5    Int:  5    God:
Gold:   111        SH:  9    Dex: 12    Spells: 3/3 levels left

rFire   + . .      SeeInvis .   a - +0 long sword
rCold   . . .      Faith    .   c - +0 buckler
rNeg    . . .      Spirit   .   g - +0 plate armour
rPois   .          Reflect  +   (helmet restricted)
rElec   .          Harm     .   n - scarf {shadows}
rCorr   .          Rampage  .   (no gloves)
Will    .....                   q - +1 pair of boots
Stlth   ..........              f - amulet of reflection
HPRegen 0.13/turn               m - ring of protection from fire
MPRegen 0.08/turn               (no ring)

@: no status effects
A: horns 2, retaliatory headbutt
a: no special abilities


You were on level 3 of the Dungeon.
You visited 1 branch of the dungeon, and saw 3 of its levels.

You collected 111 gold pieces.

Inventory:

Hand Weapons
 a - a +0 long sword (weapon)
 b - a +0 sling of flaming
Armour
 c - a +0 buckler (worn)
 g - a +0 plate armour (worn)
 l - a +0 scale mail
 n - a scarf of shadows (worn)
 q - a +1 pair of boots (worn)
Jewellery
 f - an amulet of reflection (around neck)
 m - a ring of protection from fire (left hand)
 o - a ring of magical power
Scrolls
 e - 2 scrolls of vulnerability {unknown}
 h - a scroll of silence {unknown}
 i - 3 scrolls of identify {unknown}
 j - a scroll of fear {unknown}
 k - a scroll of acquirement {unknown}
 p - a scroll of brand weapon {unknown}
 s - a scroll of teleportation {unknown}
Potions
 d - a potion of might
 r - a potion of curing {unknown}


   Skills:
 - Level 3.6 Fighting
 + Level 5.3 Long Blades
 - Level 3.6 Armour
 - Level 3.6 Shields


You had 3 spell levels left.
You didn't know any spells.
Your spell library contained the following spells:

 Spells                   Type           Power      Damage    Failure   Level
 Blink                    Tloc           0%         N/A       100%        2
 Lesser Beckoning         Tloc           0%         N/A       100%        3
 Manifold Assault         Tloc           0%         N/A       100%        5


Dungeon Overview and Level Annotations

Branches:
Dungeon (3/15)

Altars:

Annotations:
D:2 1 runed translucent door, Crazy Yiuf
D:3 Ijyb


Innate Abilities, Weirdness & Mutations

You have a pair of horns on your head.
You reflexively headbutt those who attack you in melee.


Message History

You hit the rat but do no damage. The rat bites you but does no damage.
You hit the rat.
You kill the rat!
No target in view!
No target in view!
s - a scroll labelled CUIN GERYOGUONLAINK You see here a +0 robe.
You now have 111 gold pieces (gained 12).
You open the door. You open the door.
There is an open door here.
Ijyb the Twisted Goblin comes into view.
She is wielding a +0 club and carrying a wand of mindburst (16).
Ijyb shouts!
You closely miss Ijyb. Ijyb hits you but does no damage.
You block Ijyb's attack.
You hit Ijyb but do no damage. Ijyb screams, "Me stronger than you!"
Ijyb hits you with a +0 club.
You closely miss Ijyb. You block Ijyb's attack.
You hit Ijyb.
Ijyb is lightly wounded.
Ijyb hits you but does no damage.
You hit Ijyb. You headbutt Ijyb.
Ijyb is heavily wounded.
Ijyb hits you but does no damage.
You hit Ijyb but do no damage.
Ijyb is heavily wounded.
Ijyb zaps a wand.
Your mind is blasted!
Ijyb hits you with a +0 club.
You are too injured to fight recklessly!
You are too injured to fight recklessly!
You are too injured to fight recklessly!
You are too injured to fight recklessly!
Okay, then.
You aren't carrying any items that you can evoke.
Okay, then.
Unknown command.
You hit Ijyb but do no damage.
Ijyb is heavily wounded.
Ijyb zaps a wand.
Your mind is blasted!
You die...

..#.# .. ..
###.####.##...
.............. ..#
.............. #.######
...............#.......
...............#.......
...............#.......
...............#g......
........>......#@#
...............#.#
.......†.......#.#
.....[.....#####.#
####.......# #.#
####.......#####.#
...'.......'.....#
####.......#######
#.......#


You could see Ijyb.

Vanquished Creatures
  Terence (D:2)
  4 orcs (D:3)
  3 endoplasms (D:1)
  A giant cockroach (D:2)
  5 goblins
  3 hobgoblins
  2 kobolds
  4 quokkas
  9 ball pythons
  3 bats
  2 frilled lizards (D:3)
  3 rats
40 creatures vanquished.

Notes
Turn   | Place    | Note
-------+----------+-------------------------------------------
     0 | D:1      | drjones the Minotaur Fighter began the quest for the Orb.
     0 | D:1      | Reached XP level 1. HP: 19/19 MP: 0/0
   298 | D:1      | Reached skill level 3 in Long Blades
   344 | D:1      | Reached XP level 2. HP: 25/26 MP: 1/1
   471 | D:1      | Found a faded altar of an unknown god.
   833 | D:1      | Reached skill level 4 in Long Blades
  1187 | D:2      | Found a runed translucent door.
  1188 | D:2      | Noticed Crazy Yiuf
  1268 | D:2      | Reached XP level 3. HP: 31/31 MP: 2/2
  1414 | D:2      | Noticed Terence
  1423 | D:2      | Killed Terence
  1424 | D:2      | Reached skill level 5 in Long Blades
  1881 | D:3      | Reached XP level 4. HP: 33/39 MP: 3/3
  2014 | D:3      | Noticed Ijyb
  2023 | D:3      | Blown up by Ijyb

Illustrated notes

Levels and vault maps discovered:
D:1:      wander_arrival_peaceful_grave, layout_loops_corners,
          nicolae_ecumenical_snake_handling, chequers_arboretum
D:2:      layout_rooms, uniq_crazy_yiuf_cottage, uniq_terence
D:3:      layout_basic, zin_angel, lemuel_zombie_altar_yredelemnul,
          minmay_misc_feat_roman, uniq_ijyb

Skill      XL: |  1  2  3 |
---------------+----------+-----
Long Blades    | 3 4 5 |  5.3
Fighting       | |  3.6
Armour         | |  3.6
Shields        | |  3.6

Action                   |  1- 3 |  4- 6 || total
-------------------------+-------+-------++-------
Melee: Long sword        |    95 |    16 ||   111
       Headbutt          |    15 |     1 ||    16
Armor: Scale mail        |    12 |       ||    12
       Plate armour      |    16 |     7 ||    23
Dodge: Dodged            |    22 |     1 ||    23
Block: Buckler           |    57 |     4 ||    61
       Reflection        |     2 |       ||     2
